 Dungeon Crawl Stone Soup version 0.26.1-11-gd32895ea62 (webtiles) character file.

Game seed: 17794743881135470798

224 tardwrangler69 the Digger (level 5, 0/38 HPs)
             Began as a Draconian Earth Elementalist on Apr 13, 2021.
             Slain by an orc
             ... wielding a +0 dagger
              (2 damage)
             ... on level 4 of the Dungeon.
             The game lasted 00:03:59 (3292 turns).

tardwrangler69 the Digger (DrEE)                    Turns: 3292, Time: 00:04:00

Health: 0/38       AC:  3    Str: 10    XL:     5   Next: 67%
Magic:  8/10       EV: 12    Int: 17    God:
Gold:   144        SH:  0    Dex: 11    Spells: 9/10 levels left

rFire    . . .     SeeInvis .   o - -3 mace (curse)
rCold    . . .     Faith    .   (no shield)
rNeg     . . .     Spirit   .   (armour unavailable)
rPois    .         Reflect  .   (helmet restricted)
rElec    .         Harm     .   f - +0 cloak
rCorr    .         Rampage  .   r - +0 pair of gloves
Will     .....                  (no boots)
Stlth    ++........             i - amulet of regeneration
HPRegen  0.52/turn              e - -4 ring of protection (curse)
MPRegen  0.12/turn              (no ring)

@: lethally poisoned (0 -> 0)
A: unfitting armour, cold-blooded, AC +5
a: no special abilities


You were on level 4 of the Dungeon.
You visited 1 branch of the dungeon, and saw 4 of its levels.

You collected 144 gold pieces.

Inventory:

Hand Weapons
 a - a +0 spear
 o - a cursed -3 mace (weapon)
 t - a +2 dagger of venom
Missiles
 b - 43 stones
Armour
 f - a +0 cloak (worn)
 r - a +0 pair of gloves (worn)
Jewellery
 e - a cursed -4 ring of protection (left hand)
 i - an amulet of regeneration (around neck)
Scrolls
 h - 3 scrolls of fog
 p - 2 scrolls of remove curse {unknown}
 q - a scroll of magic mapping
 u - a scroll of identify {unknown}
Potions
 c - a potion of berserk rage {unknown}
 d - a potion of mutation {unknown}
 g - a potion of curing
 j - 2 potions of attraction {unknown}
 k - a potion of might {unknown}
 l - 3 potions of flight {unknown}
 m - a potion of lignification {unknown}
 n - a potion of brilliance {unknown}
 s - a potion of cancellation {unknown}
 v - a potion of heal wounds {unknown}


   Skills:
 - Level 1.7 Dodging
 - Level 1.7 Stealth
 + Level 3.4 Spellcasting
 - Level 1.0 Transmutations
 * Level 5.6 Earth Magic


You had 9 spell levels left.
You knew the following spells:

 Your Spells              Type           Power        Failure   Level
a - Sandblast             Erth           44%          1%          1

Your spell library contained the following spells:

 Spells                   Type           Power        Failure   Level
 Passwall                 Tmut/Erth      11%          6%          2
 Stone Arrow              Conj/Erth      24%          16%         3
 Petrify                  Tmut/Erth      14%          38%         4
 Lee's Rapid Deconstruct  Erth           11%          43%         5


Dungeon Overview and Level Annotations

Branches:
Dungeon (4/15)
 Temple: D:4-7

Altars:


Innate Abilities, Weirdness & Mutations

Your plain brown scales are hard. (AC +5)
You cannot fit into any form of body armour.
You are cold-blooded and may be slowed by cold attacks.


Message History

Casting: Sandblast (safe; 1% risk of failure)
Confirm with . or Enter, or press ? or * to list all spells.
Aiming: Sandblast (safe; 1% risk of failure)
Press: ? - help, Shift-Dir - straight line, f - orc
Aim: an orc, wielding a +0 dagger and wearing a +0 chain mail (14% to evade)
The blast of sand hits the orc.
The orc is lightly wounded.
The orc shouts!
The orc misses you. The adder barely misses you.
The orc priest hits you with a +0 club.
* * * LOW HITPOINT WARNING * * *
Casting: Sandblast (safe; 1% risk of failure)
Confirm with . or Enter, or press ? or * to list all spells.
Aiming: Sandblast (safe; 1% risk of failure)
Press: ? - help, Shift-Dir - straight line, f/p - orc
Aim: an orc, wielding a +0 dagger and wearing a +0 chain mail (lightly wounded, 14% to evade)
The blast of sand hits the orc.
The orc is heavily wounded.
You feel sick. The orc hits you with a +0 dagger.
You die...

#...#.#.#........
###.#.#.#........
......#+#........
....#............
.................
....#............
###.....#########
##.....#########
#.......o@S...)..
#........o.......
.........o.......
....####.........
..## ..........
.. ...########
.o.# #...#


You could see an orc priest, an adder and 3 orcs.

Vanquished Creatures
  Crazy Yiuf (D:2)
  Terence (D:3)
  8 adders
  2 worms (D:2)
  4 dart slugs
  A leopard gecko (D:4)
  14 orcs (D:3)
  3 ball pythons (D:2)
  2 giant cockroaches
  5 goblins
  6 hobgoblins
  4 jackals (D:3)
  5 bats
  5 frilled lizards
  6 kobolds
  7 rats
74 creatures vanquished.

Notes
Turn   | Place    | Note
-------+----------+-------------------------------------------
     0 | D:1      | tardwrangler69 the Draconian Earth Elementalist began the
                  | quest for the Orb.
     0 | D:1      | Reached XP level 1. HP: 14/14 MP: 3/3
   376 | D:1      | Reached XP level 2. HP: 15/20 MP: 5/5
  1097 | D:2      | Reached XP level 3. HP: 23/26 MP: 6/6
  1316 | D:2      | Reached skill level 4 in Earth Magic
  1704 | D:2      | Reached XP level 4. HP: 32/33 MP: 3/8
  1892 | D:2      | Found a runed translucent door.
  1893 | D:2      | Noticed Crazy Yiuf
  2055 | D:2      | Killed Crazy Yiuf
  2295 | D:3      | Reached skill level 5 in Earth Magic
  2296 | D:3      | Noticed Terence
  2352 | D:3      | Killed Terence
  2353 | D:3      | Reached XP level 5. HP: 38/38 MP: 1/9
  3292 | D:4      | Slain by an orc

Illustrated notes

Levels and vault maps discovered:
D:1:      wheals_arrival_shading, layout_rooms, moated_statue
D:2:      layout_loops_corners, kennysheep_generic_room_8,
          uniq_crazy_yiuf_cottage
D:3:      layout_basic, uniq_terence
D:4:      layout_basic, grunt_qazlal_sundering

Skill      XL: |  1  2  3  4 |
---------------+-------------+-----
Earth Magic    | 4 5 |  5.6
Spellcasting   | 3 |  3.4
Dodging        | |  1.7
Stealth        | |  1.7
Transmutations | |  1.0

Action                   |  1- 3 |  4- 6 || total
-------------------------+-------+-------++-------
Melee: Spear             |   131 |       ||   131
       Unarmed           |     2 |       ||     2
       Tailslap          |     7 |    17 ||    24
       Mace              |     3 |   116 ||   119
 Cast: Sandblast         |     8 |    53 ||    61
  Use: Scroll            |     3 |       ||     3
       Potion            |     1 |       ||     1
 Stab: Sleeping          |     6 |     2 ||     8
Armor: Skin              |    14 |    34 ||    48
Dodge: Dodged            |    74 |   153 ||   227
